 Dungeon Crawl Stone Soup version 0.31-a0-1183-gd88bbb8b4d (webtiles) character file.

Game seed: 6142407454937442613

5142 qw the Skirmisher (level 10, 0/64 HPs)
             Began as a Gargoyle Hunter on Dec 11, 2023.
             Was an Elder of Okawaru.
             Slain by a wyvern (9 damage)
             ... on level 9 of the Dungeon.
             The game lasted 00:03:40 (7897 turns).

qw the Skirmisher (Gargoyle Hunter)                 Turns: 7897, Time: 00:03:40

Health: 0/64       AC: 15    Str: 16    XL:     10   Next: 58%
Magic:  9/14       EV: 13    Int:  5    God:    Okawaru [****..]
Gold:   450        SH:  0    Dex: 17    Spells: 9/9 levels left

rFire   + . .        r - +0 orcbow
rCold   . . .        (shield currently unavailable)
rNeg    + + .        m - +3 leather armour of Baldness {rElec Int-4 SInv}
rPois   inf          (no helmet)
rElec   +            c - +0 cloak
rCorr   .            (no gloves)
SInv    +            g - +0 pair of boots
Will    .....        i - amulet of faith
Stlth   ++           d - ring of positive energy
HPRegen 0.30/turn    e - ring of protection from fire
MPRegen 0.14/turn

%: faith
@: finesse-ful
A: sickness immunity, AC +7, negative energy resistance 1, electricity
resistance, torment resistance 1, petrification resistance, wild magic 1
a: Renounce Religion, Heroism, Finesse


You were on level 9 of the Dungeon.
You worshipped Okawaru.
Okawaru was greatly pleased with you.
You visited 1 branch of the dungeon, and saw 9 of its levels.

You collected 450 gold pieces.


Innate Abilities, Weirdness & Mutations

You are immune to sickness and miasma.
Your stone body is resilient. (AC +7)
You are immune to poison.
You resist negative energy. (rN+)
You are resistant to electric shocks. (rElec)
You are resistant to unholy torment.
You are immune to petrification.
Your spells are a little harder to cast, but a little more powerful.


   Skills:
 - Level 8.0 Fighting
 - Level 12.1 Ranged Weapons
 - Level 2.1 Armour
 + Level 3.6 Dodging
 - Level 1.1 Stealth
 + Level 6.2 Invocations


You had 9 spell levels left.
You didn't know any spells.
Your spell library was empty.

Inventory:

Hand Weapons
 r - a +0 orcbow (weapon)
Armour
 c - a +0 cloak (worn)
 g - a +0 pair of boots (worn)
 m - the +3 leather armour of Baldness (worn) {rElec Int-4 SInv}
   (You found it on level 5 of the Dungeon)

   Int-4:     It affects your intelligence (-4).
   rElec:     It insulates you from electricity.
   SInv:      It lets you see invisible.
 n - a +0 troll leather armour
Jewellery
 d - a ring of positive energy (left hand)
 e - a ring of protection from fire (right hand)
 i - an amulet of faith (around neck)
 p - a ring of ice
Scrolls
 h - a scroll of identify
Potions
 a - a potion of lignification {unknown}
 b - a potion of cancellation
 f - 3 potions of curing
 j - a potion of invisibility {unknown}
 k - a potion of mutation
 l - a potion of resistance {unknown}
 o - 3 potions of enlightenment
 q - a potion of haste {unknown}

Dungeon Overview and Level Annotations

Branches:
Dungeon (9/15)             Temple (0/1) D:6             Orc (0/2) D:9
   Lair: D:8-11

Altars:
Hepliaklqana
Kikubaaqudgha
Okawaru
Ru
Trog
Vehumet
Zin

Annotations:
D:2 1 runed translucent door, Crazy Yiuf


Message History

Your Invocations skill increases to level 6!
7888 ||| INVOKING Finesse.
You can now deal lightning-fast blows.
You can no longer enter into single combat with a foe.
Okawaru will no longer gift you throwing weapons.
The wyvern misses you. The hornet barely misses you.
The wyvern closely misses you. The acid dragon spits acid at you.
The splash of acid hits you.
You shoot an arrow. The arrow hits the acid dragon!
The acid dragon is moderately wounded.
The hornet barely misses you.
The wyvern bites you but does no damage.
You shoot an arrow. The arrow hits the acid dragon!
The acid dragon is severely wounded.
The hornet stings you but does no damage.
The acid dragon barely misses you. The acid dragon misses you.
You shoot an arrow. The arrow hits the acid dragon!
The acid dragon is almost dead.
The wyvern bites you!
You shoot an arrow. The arrow hits the acid dragon.
You kill the acid dragon!
Okawaru accepts your kill.
The hornet stings you but does no damage.
The wyvern bites you! The wight hits you but does no damage.
You shoot an arrow.
The arrow hits the hornet but does no damage.
The hornet misses you.
You shoot an arrow. The arrow closely misses the hornet.
The wyvern bites you! The hornet barely misses you.
You shoot an arrow. The arrow hits the hornet!
The hornet is moderately wounded.
The wight closely misses you. The wyvern misses you.
You shoot an arrow. The arrow hits the hornet.
The hornet is heavily wounded.
The hornet stings you.
You shoot an arrow. The arrow hits the hornet.
The hornet is heavily wounded.
The wyvern bites you!
You die...

#.........#
#.........# .#
#.........# .!#
#.........#...# ####
#.........#..)#
...#### #.......#...#
##....# #...z.#....#
##.#### ....#.yk#....#
......###....#'#@y..##
##.##.#.######.######
##...).....#.....#
)%.##.####.....###
#####.# ####### #.#
#.# #.# #.#


You could see a hornet, a wyvern, a killer bee and a wight.

Vanquished Creatures
  A two-headed ogre (D:9)
  A troll (D:9)
  Sigmund (D:2)
  5 yaks (D:8)
  A wyvern (D:9)
  A steam dragon (D:8)
  Edmund (D:6)
  An acid dragon (D:9)
  A water moccasin (D:6)
  A sky beast (D:7)
  2 black bears
  An ice beast (D:8)
  2 ogres
  A centaur (D:8)
  2 kobold brigands
  A bullfrog (D:7)
  3 scorpions
  A gnoll sergeant (D:8)
  3 necrophages (D:5)
  2 wights (D:5)
  12 killer bees (D:8)
  2 bullfrog zombies (D:5)
  3 hounds
  2 jellies (D:6)
  3 orc priests
  A human zombie (D:5)
  Natasha (thrice) (D:4)
  Terence (D:1)
  2 iguanas
  7 orc wizards
  A hound zombie (D:5)
  2 mummies (D:5)
  A howler monkey zombie (D:5)
  6 gnolls
  8 adders
  2 shadow imps
  2 white imps
  7 worms
  4 dart slugs
  17 orcs
  3 bats
  6 endoplasms
  A giant cockroach (D:1)
  13 goblins
  7 hobgoblins
  3 jackals (D:1)
  34 kobolds
  A quokka (D:1)
  7 ball pythons
  3 frilled lizards
  5 rats
201 creatures vanquished.

Notes
Turn   | Place    | Note
-------+----------+-------------------------------------------
     0 | D:1      | qw the Gargoyle Hunter began the quest for the Orb.
     0 | D:1      | Reached XP level 1. HP: 12/12 MP: 1/1
     0 | D:1      | 0 ||| qw: Version: 0.3-a-106-g2cfff9e
     0 | D:1      | 0 ||| qw: Game counter: 2088
     0 | D:1      | 0 ||| qw: Melee chars always use a shield: true
     0 | D:1      | 0 ||| qw: God list: Okawaru
     0 | D:1      | 0 ||| qw: Allow faded altars: false
     0 | D:1      | 0 ||| qw: Do Orc after clearing Dungeon:15 true
     0 | D:1      | 0 ||| qw: Do second Lair branch before Depths: true
     0 | D:1      | 0 ||| qw: Lair rune preference: random
     0 | D:1      | 0 ||| qw: Goals: Normal, Save, Zot:1-4, Win
     0 | D:1      | 0 ||| PLANNING D:1-11
    83 | D:1      | Reached XP level 2. HP: 16/17 MP: 2/2
   249 | D:1      | Reached XP level 3. HP: 21/21 MP: 3/3
   308 | D:1      | Reached skill level 5 in Ranged Weapons
   641 | D:1      | 641 ||| UPGRADING to +0 pair of boots.
   646 | D:1      | 646 ||| UPGRADING to +0 ring mail.
   656 | D:1      | 656 ||| DROPPING +0 leather armour.
   657 | D:1      | 657 ||| READING scroll labelled JYAFOSUQUA.
   758 | D:1      | 758 ||| READING 3 scrolls labelled GIZOAKHL ZIRHI.
   759 | D:1      | 759 ||| READING scroll labelled NURHOD JUNOHU.
   760 | D:1      | 760 ||| READING scroll labelled ILABRITYME.
   760 | D:1      | 760 ||| IDENTIFYING metallic purple potion
   761 | D:1      | 761 ||| READING scroll labelled TAKLO EGESAE.
   862 | D:1      | 862 ||| DROPPING scroll of butterflies.
   863 | D:1      | 863 ||| DROPPING 2 scrolls of fear.
   884 | D:2      | 884 ||| STAIRDANCE
   893 | D:1      | Reached skill level 1 in Armour
   899 | D:2      | Noticed Terence
   900 | D:2      | 900 ||| STAIRDANCE
   911 | D:2      | 911 ||| STAIRDANCE
   916 | D:1      | Reached XP level 4. HP: 27/27 MP: 4/4
   923 | D:1      | Reached skill level 3 in Fighting
   931 | D:2      | 931 ||| STAIRDANCE
   936 | D:1      | Killed Terence
  1040 | D:2      | Found a radiant altar of Vehumet.
  1073 | D:2      | Found a runed translucent door.
  1074 | D:2      | Noticed Crazy Yiuf
  1142 | D:2      | Reached XP level 5. HP: 32/32 MP: 5/5
  1281 | D:2      | Noticed Sigmund
  1292 | D:2      | Killed Sigmund
  1293 | D:2      | Reached skill level 7 in Ranged Weapons
  1293 | D:2      | Reached XP level 6. HP: 26/37 MP: 6/6
  1469 | D:2      | 1469 ||| UPGRADING to amulet of guardian spirit.
  1474 | D:2      | 1474 ||| UPGRADING to amulet of faith.
  1484 | D:2      | 1484 ||| DROPPING amulet of guardian spirit.
  1485 | D:2      | 1485 ||| UPGRADING to ring of positive energy.
  1486 | D:2      | 1486 ||| READING scroll labelled WOFONI JYVUIPN.
  2153 | D:3      | 2153 ||| READING 2 scrolls of identify.
  2153 | D:3      | 2153 ||| IDENTIFYING silvery potion
  2154 | D:3      | 2154 ||| READING scroll of identify.
  2154 | D:3      | 2154 ||| IDENTIFYING bubbling purple potion
  2155 | D:3      | 2155 ||| DROPPING potion of degeneration.
  2267 | D:4      | Noticed Natasha
  2269 | D:4      | 2269 ||| FLEEEEING.
  2270 | D:4      | 2270 ||| FLEEEEING.
  2271 | D:4      | 2271 ||| FLEEEEING.
  2272 | D:4      | 2272 ||| FLEEEEING.
  2273 | D:4      | 2273 ||| FLEEEEING.
  2276 | D:4      | 2276 ||| STAIRDANCE
  2351 | D:4      | Killed Natasha
  2397 | D:4      | You fall into a shaft and drop 1 floor!
  2397 | D:5      | Entered Level 5 of the Dungeon
  2444 | D:5      | HP: 5/38 [ogre/+0 giant spiked club (12)]
  2445 | D:5      | 2445 ||| DRINKING white potion.
  2447 | D:5      | 2447 ||| Stepping ~*~*~tactically~*~*~ (retreating).
  2449 | D:5      | Reached XP level 7. HP: 42/43 MP: 7/7
  2510 | D:5      | 2510 ||| READING scroll labelled NEPPOREMASU.
  2510 | D:5      | 2510 ||| BRANDING +0 shortbow.
  2564 | D:4      | Noticed Natasha
  2569 | D:4      | Killed Natasha
  2602 | D:4      | Found a radiant altar of Vehumet.
  2757 | D:4      | 2757 ||| Stepping ~*~*~tactically~*~*~ (retreating).
  2769 | D:4      | Reached skill level 8 in Ranged Weapons
  2871 | D:4      | Noticed Natasha
  2874 | D:4      | Killed Natasha
  3023 | D:4      | Found a sacrificial altar of Ru.
  3030 | D:4      | Found a glowing silver altar of Zin.
  3032 | D:4      | Found an iron altar of Okawaru.
  3033 | D:4      | 3033 ||| PLANNING OKAWARU WORSHIP
  3033 | D:4      | 3033 ||| UPGRADING to +0 cloak.
  3038 | D:4      | 3038 ||| READING scroll labelled JOEBBO JYRRIOK.
  3043 | D:4      | 3043 ||| DRINKING 2 glowing pink potions.
  3043 | D:4      | Gained mutation: Your spells are a little harder to cast,
                  | but a little more powerful. [potion of mutation]
  3080 | D:4      | Became a worshipper of Warmaster Okawaru
  3081 | D:4      | 3081 ||| PLANNING D:1-11
  3231 | D:5      | Found a bloodstained altar of Trog.
  3367 | D:5      | 3367 ||| FLEEEEING.
  3437 | D:5      | Reached XP level 8. HP: 49/49 MP: 8/8
  3630 | D:5      | Identified the +3 leather armour of Baldness {rElec Int-4
                  | SInv}
  4080 | D:5      | Reached skill level 9 in Ranged Weapons
  4150 | D:5      | Reached * piety under Okawaru
  4228 | D:5      | Reached skill level 6 in Fighting
  4228 | D:5      | Reached skill level 1 in Invocations
  4288 | D:5      | Found an ancient bone altar of Kikubaaqudgha.
  4499 | D:5      | 4499 ||| UPGRADING to +3 leather armour of Baldness {rElec
                  | Int-4 SInv}.
  4509 | D:5      | 4509 ||| DROPPING +0 ring mail.
  4510 | D:5      | 4510 ||| READING scroll labelled JAJUVY ITUBY.
  4511 | D:5      | 4511 ||| READING scroll labelled XEJOEJ YTUTUNN.
  4660 | D:6      | Found a staircase to the Ecumenical Temple.
  4703 | D:6      | 4703 ||| FLEEEEING.
  4704 | D:6      | 4704 ||| FLEEEEING.
  4705 | D:6      | 4705 ||| FLEEEEING.
  4710 | D:6      | 4710 ||| FLEEEEING.
  4718 | D:6      | Reached skill level 3 in Invocations
  4808 | D:6      | Reached ** piety under Okawaru
  4847 | D:6      | Reached XP level 9. HP: 52/55 MP: 11/11
  4991 | D:6      | Noticed Edmund
  5013 | D:6      | Killed Edmund
  5418 | D:6      | Reached skill level 10 in Ranged Weapons
  5449 | D:6      | 5449 ||| DROPPING +0 leather armour of cold resistance.
  5450 | D:6      | 5450 ||| READING 4 scrolls of identify.
  5450 | D:6      | 5450 ||| IDENTIFYING fuming cyan potion
  5451 | D:6      | 5451 ||| READING 3 scrolls of identify.
  5451 | D:6      | 5451 ||| IDENTIFYING bubbling grey potion
  5452 | D:6      | 5452 ||| READING 2 scrolls of identify.
  5452 | D:6      | 5452 ||| IDENTIFYING murky puce potion
  5453 | D:6      | 5453 ||| READING scroll of identify.
  5453 | D:6      | 5453 ||| IDENTIFYING scroll labelled NIMALO NESTRUNO
  5454 | D:6      | 5454 ||| READING scroll of enchant weapon.
  5454 | D:6      | 5454 ||| ENCHANTING +0 shortbow of draining.
  5455 | D:6      | 5455 ||| DROPPING wand of flame (30).
  5456 | D:6      | 5456 ||| DROPPING potion of ambrosia.
  5457 | D:6      | 5457 ||| DROPPING potion of brilliance.
  5686 | D:7      | Reached skill level 3 in Dodging
  6079 | D:7      | Found a hazy altar of Hepliaklqana.
  6500 | D:7      | 6500 ||| UPGRADING to ring of protection from fire.
  6501 | D:7      | 6501 ||| READING scroll labelled LOYSTU NOXEX.
  6589 | D:8      | Reached *** piety under Okawaru
  6721 | D:8      | 6721 ||| Stepping ~*~*~tactically~*~*~ (retreating).
  6722 | D:8      | 6722 ||| Stepping ~*~*~tactically~*~*~ (retreating).
  6741 | D:8      | Reached skill level 11 in Ranged Weapons
  6819 | D:8      | 6819 ||| Stepping ~*~*~tactically~*~*~ (retreating).
  6986 | D:8      | Reached XP level 10. HP: 54/64 MP: 13/13
  7034 | D:8      | 7034 ||| RETREEAATING.
  7035 | D:8      | 7035 ||| SWAPPING to +0 orcbow.
  7036 | D:8      | 7036 ||| DROPPING +1 shortbow of draining.
  7039 | D:8      | 7039 ||| Stepping ~*~*~tactically~*~*~ (retreating).
  7044 | D:8      | 7044 ||| Stepping ~*~*~tactically~*~*~ (retreating).
  7045 | D:8      | 7045 ||| Stepping ~*~*~tactically~*~*~ (retreating).
  7071 | D:8      | HP: 16/64 [yak (7)]
  7072 | D:8      | 7072 ||| READING 2 scrolls of teleportation.
  7073 | D:8      | 7073 ||| DRINKING potion of heal wounds.
  7095 | D:8      | 7095 ||| FLEEEEING.
  7098 | D:8      | 7098 ||| FLEEEEING.
  7099 | D:8      | 7099 ||| FLEEEEING.
  7100 | D:8      | 7100 ||| FLEEEEING.
  7101 | D:8      | 7101 ||| STAIRDANCE
  7175 | D:8      | 7175 ||| RETREEAATING.
  7176 | D:8      | 7176 ||| STILL RETREEAATING.
  7177 | D:8      | 7177 ||| STILL RETREEAATING.
  7179 | D:8      | 7179 ||| Stepping ~*~*~tactically~*~*~ (retreating).
  7182 | D:8      | Reached **** piety under Okawaru
  7188 | D:8      | 7188 ||| Stepping ~*~*~tactically~*~*~ (retreating).
  7193 | D:8      | 7193 ||| Stepping ~*~*~tactically~*~*~ (retreating).
  7194 | D:8      | 7194 ||| Stepping ~*~*~tactically~*~*~ (retreating).
  7197 | D:8      | 7197 ||| Stepping ~*~*~tactically~*~*~ (retreating).
  7198 | D:8      | 7198 ||| Stepping ~*~*~tactically~*~*~ (retreating).
  7205 | D:8      | HP: 15/64 [yak (5)]
  7206 | D:8      | 7206 ||| READING scroll of teleportation.
  7574 | D:9      | 7574 ||| DRINKING 4 potions of curing.
  7574 | D:9      | 7574 ||| (to cure confusion)
  7681 | D:9      | Noticed a two-headed ogre
  7691 | D:9      | Killed a two-headed ogre
  7692 | D:9      | Reached skill level 12 in Ranged Weapons
  7816 | D:9      | Found a staircase to the Orcish Mines.
  7879 | D:9      | 7879 ||| RETREEAATING.
  7880 | D:9      | 7880 ||| STILL RETREEAATING.
  7881 | D:9      | 7881 ||| Stepping ~*~*~tactically~*~*~ (retreating).
  7882 | D:9      | 7882 ||| RETREEAATING.
  7887 | D:9      | Reached ***** piety under Okawaru
  7888 | D:9      | Reached skill level 6 in Invocations
  7888 | D:9      | 7888 ||| INVOKING Finesse.
  7894 | D:9      | HP: 14/64 [wyvern (9)]
  7897 | D:9      | Slain by a wyvern

Levels and vault maps discovered:
D:1:      lightli_arrival_maybe_door_vault, layout_basic,
          chequers_serial_rivers_small_3
D:2:      cheibrodos_greedy_goblins, layout_rooms, basic_altar,
          uniq_crazy_yiuf_cottage, uniq_sigmund, uniq_terence
D:3:      layout_basic
D:4:      layout_loops_ring, vehumet_crystals, minitemple, abandoned_shop,
          nicolae_wormholes, uniq_natasha
D:5:      kennysheep_kobold_camp, layout_basic,
          lemuel_mausoleum_altar_kikubaaqudgha, amcnicky_altar_gilded
D:6:      layout_basic, temple_pool_b, uniq_edmund
D:7:      layout_layer_cave, nicolae_overflow_hidden_temple,
          minmay_misc_feat_enclosed
D:8:      layout_loops_ring
D:9:      kennysheep_ambush_hall, layout_loops_cross,
          nicolae_uskayaw_murder_on_the_dancefloor, fedhas_altar_2, slow_altar_2

Skill      XL: |  1  2  3  4  5  6  7  8  9 10 |
---------------+-------------------------------+-----
Ranged Weapons | 5 7 8 9 11 12 | 12.1
Armour         | 1 2 |  2.1
Fighting       | 3 4 5 6 8 |  8.0
Dodging        | 2 3 |  3.6
Invocations    | 3 4 6 |  6.2
Stealth        | |  1.1

Action                     |  1- 3 |  4- 6 |  7- 9 | 10-12 || total
---------------------------+-------+-------+-------+-------++-------
   Fire: Shortbow          |    96 |   132 |   544 |       ||   772
         Orcbow            |       |       |       |   126 ||   126
 Invoke: Finesse           |       |       |       |     1 ||     1
    Use: Scroll            |     5 |     3 |    10 |     2 ||    20
         Potion            |       |     1 |     1 |     2 ||     4
 Armour: Leather armour    |    14 |       |    74 |    64 ||   152
         Ring mail         |    17 |    42 |   127 |       ||   186
  Dodge: Dodged            |    22 |    35 |   207 |    36 ||   300

Table legend:
 A = Non-vault XP
 B = Vault XP
 C = Vault XP percentage of total XP
 D = Non-vault monster count
 E = Vault monster count
 F = Vault count percentage of total count
                 A         B        C        D         E       F
            +---------+---------+-------+---------+---------+-------
      Total |    5715 |    1632 |  22.2 |     148 |      53 |  26.4
            +---------+---------+-------+---------+---------+-------
        D:1 |      96 |      36 |  27.3 |      32 |       1 |   3.0
        D:2 |      47 |     254 |  84.4 |      18 |       9 |  33.3
        D:3 |      17 |       0 |   0.0 |       4 |       0 |   0.0
        D:4 |     305 |      61 |  16.7 |      13 |       6 |  31.6
        D:5 |     414 |     757 |  64.6 |      16 |      34 |  68.0
        D:6 |     536 |     164 |  23.4 |       8 |       1 |  11.1
        D:7 |     603 |       0 |   0.0 |      16 |       0 |   0.0
        D:8 |    2396 |       0 |   0.0 |      30 |       0 |   0.0
        D:9 |    1301 |     360 |  21.7 |      11 |       2 |  15.4
            +---------+---------+-------+---------+---------+-------
